 Dungeon Crawl Stone Soup version 0.27.1-34-g3ba077fa99 (webtiles) character file.

Game seed: 2212960131451553015

282 Descartes the Grasshopper (level 6, 0/44 HPs)
             Began as a Formicid Warper on Jan 16, 2022.
             Was a Follower of Dithmenos.
             Slain by an adder (2 damage)
             ... on level 3 of the Dungeon.
             The game lasted 00:03:54 (3109 turns).

Descartes the Grasshopper (Formicid Warper)         Turns: 3109, Time: 00:03:55

Health: 0/44       AC:  7    Str: 17    XL:     6   Next: 54%
Magic:  9/9        EV: 10    Int: 13    God:    Dithmenos [*.....]
Gold:   76         SH:  0    Dex: 10    Spells: 9/9 levels left

rFire    . . .     SeeInvis +   n - +0 morningstar
rCold    . . .     Faith    .   (no shield)
rNeg     + + .     Spirit   .   h - +0 scale mail
rPois    .         Reflect  .   (helmet unavailable)
rElec    .         Harm     .   (no cloak)
rCorr    .         Rampage  .   (no gloves)
Will     .....                  (no boots)
Stlth    ..........             (no amulet)
HPRegen  0.14/turn              l - ring of positive energy
MPRegen  0.11/turn              m - ring of positive energy

@: wreathed by umbra
A: permanent stasis, dig shafts and tunnels, antennae 3, four strong arms
a: Dig, Shaft Self, Renounce Religion


You were on level 3 of the Dungeon.
You worshipped Dithmenos.
Dithmenos was aware of your devotion.
You visited 1 branch of the dungeon, and saw 3 of its levels.

You collected 76 gold pieces.

Inventory:

Hand Weapons
 a - a +0 mace
 n - a +0 morningstar (weapon)
Missiles
 c - 5 boomerangs of dispersal (quivered)
 f - 73 stones
 j - 3 boomerangs
Armour
 b - a +0 leather armour
 h - a +0 scale mail (worn)
Jewellery
 d - a ring of ice
 l - a ring of positive energy (left hand)
 m - a ring of positive energy (right hand)
Scrolls
 e - 3 scrolls of identify {unknown}
 g - a scroll of magic mapping {unknown}
 i - a scroll of teleportation {unknown}
 k - a scroll of enchant armour {unknown}
 o - a scroll of acquirement {unknown}


   Skills:
 - Level 2.1 Fighting
 - Level 2.0 Maces & Flails
 - Level 1.0 Throwing
 + Level 4.7 Armour
 - Level 1.7 Dodging
 - Level 2.1 Spellcasting
 + Level 4.8 Translocations


You had 9 spell levels left.
You didn't know any spells.
Your spell library contained the following spells:

 Spells                   Type           Power      Damage    Failure   Level
 Gell's Gravitas          Tloc           6%         N/A       32%         3
 Lesser Beckoning         Tloc           6%         N/A       32%         3
 Teleport Other           Tloc           13%        N/A       32%         3
 Corona                   Hex            1%         N/A       63%         1
 Manifold Assault         Tloc           13%        N/A       97%         5
 Blink                    Tloc           Unusable   N/A       N/A         2

Dungeon Overview and Level Annotations

Branches:
Dungeon (3/15)

Altars:
Dithmenos

Shops:
D:3 *

Annotations:
D:2 1 runed translucent door, Crazy Yiuf, Natasha


Innate Abilities, Weirdness & Mutations

You cannot be hasted, slowed, berserked, paralysed or teleported.
You can dig through walls and to a lower floor.
You have a pair of large antennae on your head. (SInv)
Your four strong arms can wield two-handed weapons with a shield.


Message History

You aren't carrying any potions.
Unknown command.
You aren't carrying any potions.
You aren't carrying any potions.
You barely miss the adder.
The adder is heavily wounded.
The adder misses you. The adder closely misses you.
You barely miss the adder.
The adder is heavily wounded.
The adder completely misses you. The adder bites you but does no damage.
You closely miss the adder.
The adder is heavily wounded.
The adder closely misses you.
You miss the adder.
The adder is heavily wounded.
The adder barely misses you. The adder completely misses you.
You closely miss the adder.
The adder is heavily wounded.
The adder bites you but does no damage. The adder bites you.
* * * LOW HITPOINT WARNING * * *
You are poisoned.
The adder poisons you!
You barely miss the adder.
The adder is heavily wounded.
You feel sick. The adder closely misses you.
The adder bites you but does no damage.
You miss the adder.
The adder is heavily wounded.
You feel sick. The adder misses you. x2
You closely miss the adder.
The adder is moderately wounded.
You feel sick.
You are no longer poisoned.
The adder bites you.
* * * LOW HITPOINT WARNING * * *
The adder closely misses you.
Okay, then.
Are you sure you want to shaft yourself?
The adder bites you.
You die...

.............#.........
.............#......###
........##...#.....[#
........##...#........
###
........##...#.........
..#
........#########..##..
#.# ......Kg# .## .#
#.# #######S# #.#
##@####### #)#
#......... ##.##
#......... #...#
#......... #...#
#......... #...##
#......... .....#
##'####### .#.#.## #.#
.#.#..### #.#


You could see an adder, a goblin and a kobold.

Vanquished Creatures
  Sigmund (D:2)
  A bullfrog skeleton (D:3)
  Terence (D:2)
  A gnoll (D:1)
  2 adders
  5 orcs
  6 endoplasms
  A giant cockroach (D:3)
  5 goblins
  7 hobgoblins
  5 kobolds
  2 quokkas
  2 ball pythons
  4 bats
  A frilled lizard (D:1)
  5 rats
49 creatures vanquished.

Notes
Turn   | Place    | Note
-------+----------+-------------------------------------------
     0 | D:1      | Descartes the Formicid Warper began the quest for the Orb.
     0 | D:1      | Reached XP level 1. HP: 16/16 MP: 3/3
   382 | D:1      | Reached XP level 2. HP: 22/22 MP: 5/5
   676 | D:1      | Reached XP level 3. HP: 27/27 MP: 6/6
  1064 | D:1      | Found a faded altar of an unknown god.
  1071 | D:1      | Got Plato's Incunabulum of Enchantment
  1072 | D:1      | Became a worshipper of Dithmenos the Shadowed
  1072 | D:1      | Reached * piety under Dithmenos
  1539 | D:2      | Reached XP level 4. HP: 7/33 MP: 7/7
  1872 | D:2      | Noticed Terence
  1881 | D:2      | Killed Terence
  2116 | D:2      | Noticed Sigmund
  2130 | D:2      | Killed Sigmund
  2131 | D:2      | Reached XP level 5. HP: 7/38 MP: 8/8
  2131 | D:2      | Reached XP level 6. HP: 9/44 MP: 9/9
  2781 | D:2      | Found a runed translucent door.
  2782 | D:2      | Noticed Crazy Yiuf
  2782 | D:2      | Noticed Natasha
  2801 | D:3      | Found Mexeynur's General Store.
  3108 | D:3      | HP: 2/44 [adder (3)]
  3109 | D:3      | Slain by an adder

Illustrated notes

Levels and vault maps discovered:
D:1:      heliophobic_arrival_battle_scene, layout_loops_ring,
          shapermc_ecumenical_altar_rom_forum
D:2:      layout_loops_cross, uniq_crazy_yiuf_cottage, uniq_sigmund,
          uniq_terence, uniq_natasha
D:3:      minmay_general_purpose_star, layout_basic, serial_shops, shop,
          minmay_starry_boxes

Skill      XL: |  1  2  3  4 |
---------------+-------------+-----
Translocations | 3 4 |  4.8
Armour         | 2 4 |  4.7
Fighting       | |  2.1
Maces & Flails | |  2.0
Throwing       | |  1.0
Dodging        | |  1.7
Spellcasting   | |  2.1

Action                   |  1- 3 |  4- 6 || total
-------------------------+-------+-------++-------
Melee: Mace              |   116 |    86 ||   202
       Morningstar       |       |    21 ||    21
 Abil: Shaft Self        |       |     1 ||     1
Armor: Leather armour    |    13 |       ||    13
       Scale mail        |    24 |    45 ||    69
Dodge: Dodged            |    69 |    93 ||   162
